 Dungeon Crawl Stone Soup version 0.20.1-1-g8b1a95d (webtiles) character file.

11985 clumsy the Cleaver (level 12, 0/106 HPs)
             Began as a Formicid Fighter on Aug 13, 2017.
             Was a Follower of Uskayaw.
             Slain by an orc warlord
             ... wielding a +2 broad axe of venom
              (32 damage)
             ... on level 1 of the Orcish Mines.
             The game lasted 00:51:29 (11129 turns).

clumsy the Cleaver (Formicid Fighter)              Turns: 11129, Time: 00:51:30

Health: 0/106      AC: 15    Str: 22      XL:     12   Next: 14%
Magic:  3/17       EV: 12    Int:  7 (8)  God:    Uskayaw [*.....]
Gold:   1534       SH: 16    Dex: 14      Spells: 11/11 levels left

rFire    + . .     SeeInvis +   R - +2 hand axe (elec)
rCold    . . .     Gourm    .   c - +0 shield
rNeg     . . .     Faith    .   E - +4 scale mail {rF+}
rPois    +         Spirit   .   (helmet unavailable)
rElec    .         Reflect  +   y - +0 cloak
rCorr    .         Harm     .   (no gloves)
MR       +....                  (no boots)
Stlth    ..........             x - +4 amulet of reflection
Regen    0.3/turn               S - ring of loudness (curse)
MPRegen  0.2/turn               w - ring of poison resistance

@: no status effects
A: permanent stasis, dig shafts and tunnels, four strong arms, antennae 3,
iridescent scales 1, deterioration 1, sense surroundings 2, robust 1
a: Dig, Shaft Self, Stomp, Renounce Religion


You were on level 1 of the Orcish Mines.
You worshipped Uskayaw.
Uskayaw was noncommittal.
You were near starving.

You visited 3 branches of the dungeon, and saw 12 of its levels.
You also visited: Bailey.

You collected 1534 gold pieces.

Inventory:

Hand Weapons
 z - a +3 quarterstaff of chaos
 H - a +2 war axe of freezing
 P - a cursed +0 broad axe
 R - a +2 hand axe of electrocution (weapon)
Missiles
 v - a throwing net (quivered)
Armour
 c - a +0 shield (worn)
 y - a +0 cloak (worn)
 E - a +4 scale mail of fire resistance (worn)
 I - the +1 leather armour of Prudence {rF+}
   (You found it on level 7 of the Dungeon)

   It protects you from fire.
 L - the +0 leather armour "Peryowef" {Regen+ rCorr Str+2}
   (You found it on level 7 of the Dungeon)

   It affects your strength (+2).
   It increases your rate of regeneration.
   It protects you from acid and corrosion.
 N - a +1 scale mail of cold resistance
Jewellery
 w - a ring of poison resistance (right hand)
 x - a +4 amulet of reflection (around neck)
 G - an uncursed ring of ice
 Q - an uncursed ring of positive energy
 S - a cursed ring of loudness (left hand)
 Z - an uncursed ring of ice
Wands
 C - a wand of random effects (16/48)
 J - a wand of disintegration (6/24)
 U - a wand of acid (5/15)
 W - a wand of enslavement (3/24)
 X - a wand of polymorph (12/24)
Scrolls
 e - 3 scrolls of teleportation {unknown}
 g - 2 scrolls of magic mapping {unknown}
 i - 2 scrolls of recharging {unknown}
 k - 3 scrolls of amnesia {unknown}
 l - a scroll of noise {unknown}
 t - a scroll of immolation {unknown}
 u - 3 scrolls of remove curse
 O - a scroll of enchant armour {unknown}
 T - a scroll of fog {unknown}
 Y - a scroll of silence {unknown}
Potions
 j - a potion of mutation
 m - a potion of cancellation
 p - a potion of curing
 q - 3 potions of heal wounds
 s - a potion of flight
 A - 2 potions of degeneration {unknown}
 B - 3 potions of brilliance {unknown}
 K - 3 potions of haste {unknown}
 V - 2 potions of lignification {unknown}
Comestibles
 f - 7 bread rations
 n - 4 fruits
 o - 7 royal jellies
 F - 2 meat rations


   Skills:
 + Level 10.0 Fighting
 * Level 10.4 Axes
 + Level 9.1 Armour
 + Level 4.4 Dodging
 - Level 9.0 Shields
 * Level 7.4 Invocations


You had 11 spell levels left.
You didn't know any spells.

Dungeon Overview and Level Annotations

Branches:
Dungeon (10/15)            Temple (1/1) D:7             Orc (1/2) D:10
   Lair: D:8-11

Altars:
Ashenzari
Cheibriados
Dithmenos
Elyvilon
Fedhas
Gozag
Hepliaklqana
Kikubaaqudgha
Makhleb
Nemelex Xobeh
Okawaru
Qazlal
Ru
Sif Muna
Uskayaw
Vehumet
Xom
Yredelemnul
Zin
The Shining One

Shops:
D:7 (

Annotations:
D:7 !dark maul


Innate Abilities, Weirdness & Mutations

You cannot be hasted, slowed, berserked, paralysed or teleported.
You can dig through walls and to a lower floor.
Your four strong arms can wield two-handed weapons with a shield.
You have a pair of large antennae on your head. (SInv)
You are partially covered in iridescent scales. (AC +2)
Your body sometimes deteriorates upon taking damage.
You passively map the area around you.
You are robust. (+10% HP)


Message History

The orc warlord struggles against the net.
You feel better.
The orc warlord seems less confused.
The orc warlord struggles against the net.
The orc warlord struggles against the net.
Unknown command.
You are too injured to fight recklessly!
You strike the helpless orc warlord from behind!
You hit the orc warlord.
The orc warlord is almost dead.
The orc warlord struggles against the net.
You hit the orc warlord but do no damage.
The orc warlord is almost dead.
You hit the orc warlord but do no damage.
The orc warlord is almost dead.
The orc warlord struggles against the net.
The net rips apart, and the orc warlord comes free!
The orc warlord blocks your attack.
The orc warlord is almost dead.
The orc warlord hits you with a broad axe of venom!!
You die...

# **###......#.......... #
##.#.........#..#...# #
########*#....................
####.#.##.##.#.#.............[...
.##...........#*#.....#..))...#..
..#..#.##....####))...#...)))).#.
.#...####...###.#)†..............
.....##......#...o).......#)##...
.....#........#.@........##)##...
...............#...#........<##.#
†............[...........##.#####
............[)...........####
...#.........)...........##
..........................#
...............#.##..#...##
#.......>.....#####.##..#.##
..............##.#.........#


You could see an orc warlord.

Vanquished Creatures
  Fannar (D:10)
  2 two-headed ogres (D:8)
  2 orc knights (Orc:1)
  2 orc sorcerers (Orc:1)
  The ghost of vineage the Chopper, a novice DsBe of Trog (D:5)
  A gargoyle (D:10)
  4 trolls
  A hippogriff (D:7)
  Sigmund (D:3)
  A wyvern (D:8)
  2 hungry ghosts
  4 wargs (Orc:1)
  Edmund (D:6)
  3 sky beasts
  20 orc warriors
  3 phantoms
  3 ice beasts
  A necrophage (D:6)
  6 ogres
  A centaur (D:7)
  2 big kobolds
  2 bullfrogs
  A gnoll sergeant (D:9)
  3 scorpions
  A water moccasin skeleton (D:6)
  9 wights
  2 howler monkeys (D:7)
  3 crimson imps
  A quasit (D:9)
  5 hounds
  A bullfrog skeleton (D:6)
  A centaur skeleton (D:10)
  2 jellies
  Crazy Yiuf (D:3)
  6 orc priests
  12 orc wizards
  An iguana (D:4)
  4 worker ants
  8 gnolls
  A howler monkey skeleton (D:10)
  5 adders
  2 shadow imps
  2 oozes
  2 worms
  A dart slug (D:4)
  2 leopard geckos
  58 orcs
  8 bats
  7 giant cockroaches
  15 goblins
  8 hobgoblins
  6 jackals
  5 quokkas
  2 ball pythons
  4 frilled lizards
  8 kobolds
  A quokka skeleton (D:4)
  A quokka zombie (D:5)
  7 rats
270 creatures vanquished.

Vanquished Creatures (collateral kills)
  An orc wizard (Orc:1)
  An orc (Orc:1)
2 creatures vanquished.

Vanquished Creatures (others)
  A sky beast (D:7)
  A bullfrog zombie (D:7)
  8 kobolds (Bailey)
10 creatures vanquished.

Grand Total: 282 creatures vanquished

Notes
Turn   | Place    | Note
-------+----------+-------------------------------------------
     0 | D:1      | clumsy the Formicid Fighter began the quest for the Orb.
     0 | D:1      | Reached XP level 1. HP: 18/18 MP: 1/1
     0 | D:1      | Noticed a gargoyle
     5 | D:1      | Noticed a troll
     6 | D:1      | Noticed a vine stalker
    14 | D:1      | Noticed a formicid
    16 | D:1      | Noticed a felid
    18 | D:1      | Noticed a spriggan
    21 | D:1      | Noticed a gargoyle
   196 | D:1      | Reached XP level 2. HP: 24/24 MP: 2/2
   517 | D:1      | Reached XP level 3. HP: 30/30 MP: 3/3
  1713 | D:2      | Reached XP level 4. HP: 37/37 MP: 4/4
  2058 | D:3      | Noticed Sigmund
  2251 | D:3      | Found a white marble altar of Elyvilon.
  2347 | D:3      | Killed Sigmund
  2347 | D:3      | Reached XP level 5. HP: 15/43 MP: 5/5
  2347 | D:3      | Reached XP level 6. HP: 17/49 MP: 6/6
  2988 | D:3      | Found a runed door.
  2993 | D:3      | Noticed Crazy Yiuf
  2997 | D:3      | Killed Crazy Yiuf
  3040 | D:4      | Noticed an ogre
  3048 | D:3      | Reached skill level 5 in Shields
  3050 | D:3      | Killed an ogre
  3050 | D:3      | Reached XP level 7. HP: 41/55 MP: 7/7
  3056 | D:3      | Reached skill level 5 in Fighting
  3711 | D:4      | Reached skill level 5 in Armour
  3919 | D:4      | Found an opulent altar of Gozag.
  3997 | D:5      | Entered Level 5 of the Dungeon
  4131 | D:5      | Noticed vineage's ghost (novice DsBe)
  4142 | D:5      | Killed vineage's ghost
  4142 | D:5      | Reached skill level 5 in Axes
  4142 | D:5      | Reached XP level 8. HP: 64/64 MP: 8/8
  4420 | D:5      | Reached skill level 1 in Dodging
  4797 | D:6      | Noticed Edmund
  4812 | D:6      | Killed Edmund
  4812 | D:6      | Reached XP level 9. HP: 66/71 MP: 9/9
  4927 | D:6      | Found a blossoming altar of Fedhas.
  5693 | D:7      | Found Anasih's Weapon Shoppe.
  5693 | D:7      | Noticed a hippogriff
  5865 | D:7      | Gained mutation: Your body sometimes deteriorates upon taking damage. [mutagenic meat]
  5866 | D:7      | Gained mutation: You are partially covered in iridescent scales. (AC +2) [mutagenic meat]
  5867 | D:7      | Gained mutation: You passively map a small area around you. [mutagenic meat]
  5868 | D:7      | Gained mutation: You are robust. (+10% HP) [mutagenic meat]
  5869 | D:7      | Gained mutation: You passively map the area around you. [mutagenic meat]
  5961 | D:7      | Killed a hippogriff
  6065 | D:7      | Got a blackened leather armour
  6077 | D:7      | Identified the +1 leather armour of Prudence {rF+} (You found it on level 7 of the Dungeon)
  6171 | D:7      | Reached XP level 10. HP: 88/88 MP: 10/10
  6296 | D:7      | Found a staircase to the Ecumenical Temple.
  6309 | Temple   | Entered the Ecumenical Temple
  6343 | Temple   | Became a worshipper of Uskayaw the Reveler
  6451 | D:7      | Got a jewelled leather armour
  6463 | D:7      | Identified the cursed +0 leather armour "Peryowef" {Regen+ rCorr Str+2} (You found it on level 7 of the Dungeon)
  6503 | D:7      | Reached * piety under Uskayaw
  6506 | D:7      | Reached ** piety under Uskayaw
  6510 | D:7      | Reached *** piety under Uskayaw
  6513 | D:7      | Reached **** piety under Uskayaw
  6749 | D:8      | Noticed a two-headed ogre
  6757 | D:8      | Killed a two-headed ogre
  6846 | D:8      | Noticed a two-headed ogre
  6857 | D:8      | Killed a two-headed ogre
  6861 | D:8      | Found a flagged portal.
  6871 | D:8      | Reached ***** piety under Uskayaw
  7129 | Bailey   | Entered a bailey
  7375 | Bailey   | Found a burning altar of Makhleb.
  7456 | D:8      | Found an ancient bone altar of Kikubaaqudgha.
  7768 | D:8      | Reached XP level 11. HP: 93/95 MP: 11/11
  8319 | D:9      | Reached skill level 1 in Invocations
  9372 | D:10     | Entered Level 10 of the Dungeon
  9755 | D:10     | Found a hide-covered altar of Uskayaw.
  9766 | D:10     | Found a staircase to the Orcish Mines.
  9830 | D:10     | Noticed Fannar
  9856 | D:10     | Killed Fannar
  9856 | D:10     | Reached skill level 5 in Invocations
 10339 | Orc:1    | Entered Level 1 of the Orcish Mines
 10349 | Orc:1    | Noticed an orc knight
 10390 | Orc:1    | Killed an orc knight
 10588 | Orc:1    | Noticed an orc sorcerer
 10588 | Orc:1    | Noticed an orc knight
 10605 | Orc:1    | Killed an orc sorcerer
 10605 | Orc:1    | Reached skill level 10 in Axes
 10605 | Orc:1    | Killed an orc knight
 10789 | Orc:1    | Found a shimmering altar of Xom.
 10811 | Orc:1    | Reached XP level 12. HP: 106/106 MP: 17/17
 11085 | Orc:1    | Noticed an orc warlord
 11104 | Orc:1    | Reached skill level 10 in Fighting
 11129 | Orc:1    | Slain by an orc warlord

Skill      XL: |  1  2  3  4  5  6  7  8  9 10 11 12 |
---------------+-------------------------------------+-----
Shields        | 4 5 6 7 8 9 |  9.0
Fighting       | 4 5 6 7 8 9 10 | 10.0
Axes           | 3 4 5 6 8 10 | 10.4
Armour         | 4 5 6 7 8 9 |  9.1
Dodging        | 1 2 4 |  4.4
Invocations    | 6 7 |  7.4

Action                   |  1- 3 |  4- 6 |  7- 9 | 10-12 || total
-------------------------+-------+-------+-------+-------++-------
Melee: War axe           |   107 |    85 |     7 |   107 ||   306
       Quarterstaff      |       |     4 |   131 |       ||   135
       Flail             |       |       |   180 |       ||   180
       Hand axe          |       |       |       |   336 ||   336
Throw: Throwing net      |       |       |       |     1 ||     1
Invok: Line Pass         |       |       |       |     5 ||     5
 Abil: Dig               |     1 |       |       |     4 ||     5
Evoke: Wand              |       |       |       |     8 ||     8
  Use: Potion            |       |     4 |     1 |     8 ||    13
       Scroll            |       |     2 |     4 |     3 ||     9
 Stab: Confused          |       |       |     1 |     1 ||     2
       Paralysed         |       |       |       |    29 ||    29
       Invisible         |       |       |       |     4 ||     4
       Held in net/web   |       |       |       |     1 ||     1
  Eat: Chunk             |     3 |     3 |    12 |    14 ||    32
       Bread ration      |       |       |     1 |     1 ||     2
Armor: Scale mail        |    54 |    51 |    34 |    66 ||   205
       Chain mail        |       |       |    89 |       ||    89
Dodge: Dodged            |    40 |    35 |    95 |    99 ||   269
Block: Shield            |    65 |    56 |   233 |   283 ||   637
       Reflection        |       |       |     3 |    34 ||    37
